 Dungeon Crawl Stone Soup version 0.26.1-11-gd32895ea62 (webtiles) character file.

Game seed: 3553373557679053763

23 Zeld the Twirler (level 2, -1/19 HPs)
             Began as an Octopode Gladiator on May 22, 2021.
             Slain by a goblin
             ... wielding a +0 club
             ... led by Robin
              (2 damage)
             ... on level 1 of the Dungeon.
             The game lasted 00:00:56 (715 turns).

Zeld the Twirler (Octopode Gladiator)                Turns: 715, Time: 00:00:56

Health: -1/19      AC:  1    Str: 13    XL:     2   Next: 95%
Magic:  2/2        EV: 14    Int: 10    God:
Gold:   56         SH:  0    Dex: 13    Spells: 1/1 levels left

rFire    . . .     SeeInvis .   a - +0 quarterstaff
rCold    . . .     Faith    .   (shield currently unavailable)
rNeg     . . .     Spirit   .   b - +0 hat
rPois    .         Reflect  .   (no amulet)
rElec    .         Harm     .   (no ring)
rCorr    .         Rampage  .   (no ring)
Will     .....                  (no ring)
Stlth    ++........             (no ring)
HPRegen  0.06/turn              (no ring)
MPRegen  0.08/turn              (no ring)
                                (no ring)
                                (no ring)

@: no status effects
A: almost no armour, stealthy swim, amphibious, 8 rings, constrict 8, camouflage
1, gelatinous body 1
a: no special abilities


You were on level 1 of the Dungeon.
You visited 1 branch of the dungeon, and saw 2 of its levels.

You collected 56 gold pieces.

Inventory:

Hand Weapons
 a - a +0 quarterstaff (weapon)
Missiles
 c - 3 throwing nets
 k - 27 poisoned darts (quivered)
Armour
 b - a +0 hat (worn)
Jewellery
 j - an uncursed amulet of regeneration {unknown}
 m - an uncursed amulet of faith {unknown}
Scrolls
 d - 2 scrolls of identify {unknown}
 e - a scroll of amnesia {unknown}
 f - a scroll of remove curse {unknown}
 h - a scroll of blinking {unknown}
 i - a scroll of enchant armour {unknown}
Potions
 g - 2 potions of brilliance {unknown}
 l - a potion of might {unknown}
 n - a potion of curing {unknown}
 o - a potion of mutation {unknown}


   Skills:
 - Level 2.0 Fighting
 * Level 4.0 Staves
 - Level 2.0 Throwing
 - Level 3.0 Dodging


You had one spell level left.
You didn't know any spells.
Your spell library was empty.

Dungeon Overview and Level Annotations

Branches:
Dungeon (2/15)

Altars:

Annotations:
D:2 Robin


Innate Abilities, Weirdness & Mutations

You cannot wear most types of armour.
You are very stealthy in the water. (Stealth+)
You are amphibious.
You can wear up to eight rings at the same time.
You can use your tentacles to constrict eight enemies at once.
Your skin changes colour to match your surroundings (Stealth+).
Your rubbery body absorbs attacks. (AC +1, EV +1)


Message History

Found 14 gold pieces.
Found a stone staircase leading up.
There is a stone staircase leading up here.
Unknown command.
The goblin shouts!
The hobgoblin hits you with a +0 club.
The goblin hits you but does no damage. x2
The hobgoblin hits you with a +0 club.
You climb upwards.
There is a stone staircase leading down here.
You closely miss the hobgoblin. Your grab misses the hobgoblin.
The goblin hits you with a +0 dagger. The goblin hits you with a +0 club.
The hobgoblin hits you with a +0 club. x2
* * * LOW HITPOINT WARNING * * *
You are too injured to fight recklessly!
Unknown command.
You are too injured to fight recklessly!
You are too injured to fight recklessly!
The goblin closely misses you. The goblin hits you but does no damage.
The goblin hits you with a +0 club.
You die...

.#......................# #.#
.#....P#≈#P.....P#≈#P...# #.#
.#...P##≈##....P##≈##P..# #.#
.#....≈≈≈≈≈..<..≈≈≈≈≈...# #.#
.#....##≈##P...P##≈##P..# #.#
.#....P#≈#P.....P#≈#....# #.#
.#......................#######.#
.#...........g.g....[.........#..
.#.........>..gg@.........b...##.
..#.....#.############.#####..##.
............# #.# #..##.
..........#.## #.# #..##.
.............# #.# #..##.
.............#########.#####..##.
..........[........).......)..##.
..............###############.##.
.####.........# #.##.


You could see 2 hobgoblins and 2 goblins.

Vanquished Creatures
  A leopard gecko (D:1)
  2 giant cockroaches (D:1)
  2 goblins (D:1)
  2 hobgoblins (D:1)
  2 jackals (D:1)
  A ball python (D:1)
  5 bats (D:1)
  6 rats (D:1)
21 creatures vanquished.

Vanquished Creatures (others)
  3 plants (D:1)
3 creatures vanquished.

Grand Total: 24 creatures vanquished

Notes
Turn   | Place    | Note
-------+----------+-------------------------------------------
     0 | D:1      | Zeld the Octopode Gladiator began the quest for the Orb.
     0 | D:1      | Reached XP level 1. HP: 14/14 MP: 1/1
   282 | D:1      | Reached XP level 2. HP: 19/19 MP: 2/2
   447 | D:1      | Reached skill level 4 in Staves
   707 | D:2      | Noticed Robin
   715 | D:1      | Slain by a goblin

Illustrated notes

Levels and vault maps discovered:
D:1:      eino_arrival_water_cross, layout_basic, kennysheep_crisscross,
          kennysheep_decorative_pillar, minmay_heptomino_w4
D:2:      layout_rooms, serial_co_window_serial, co_window_corner_a,
          co_window_of_opportunity_a, co_window_paths_b, co_window_paths_a,
          co_window_paths_a, co_window_unsneaky_path_a, co_window_corner_b,
          co_window_unsneaky_path_c, co_window_sun, co_window_paths_e,
          glass_columns_c, chequers_ecumenical_altar_island,
          dk_yredelemnul_ordeal, uniq_robin

Skill      XL: |  1  2 |
---------------+-------+-----
Staves         | 4 |  4.0
Fighting       | |  2.0
Throwing       | |  2.0
Dodging        | |  3.0

Action                   || total
-------------------------++-------
Melee: Quarterstaff      ||    33
       Tentacles         ||     6
       Constrict         ||     8
 Stab: Sleeping          ||     5
Armor: Skin              ||     3
Dodge: Dodged            ||    17
